AoeStats
← [JaMx] K@l-El

Arena

508998316Analyzed
4v4 RM · 9d ago on Sep 25, 2026· 20m 26s· 8 players
Game mode
Random Map
Map size
Large (8 player)
Population
200
Speed
Normal
Resources
Standard
Victory
Conquest
Starting age
Dark Age
Ending age
Imperial Age
RankedLock teamsTeams togetherTeam positionsShared explorationLock speedFull tech treeHidden civsTurbo modeCheats
Victory
Defeat
🇨🇱 Wu · Chile
1462
+11
🇦🇷 Hindustanis · Argentina
1433
+12
🇻🇪 Mongols · Venezuela
1391
+14
🇧🇷 Spanish · Brazil
1323
+16
1375
-15
🇲🇽 Cumans · Mexico
1340
-13
🇲🇽 Slavs · Mexico
1339
-13
🇲🇽 Danes · Mexico
1315
-12
Tabosa
10:18 Feudal Age
10:24 Feudal Age
14:25 Castle Age
13:56 Double-Bit Axe
14:04 Loom
14:02 Horse Collar
[MGG] JP
11:24 Feudal Age
15:13 Castle Age
13:58 Double-Bit Axe
13:54 Horse Collar
17:16 Fletching
18:42 Bodkin Arrow
[MGG] El Petardo
10:47 Feudal Age
14:30 Castle Age
15:06 Double-Bit Axe
RagnarLothbrok
10:12 Feudal Age
14:40 Castle Age
13:07 Gold Mining
13:08 Double-Bit Axe
13:34 Horse Collar
13:48 Stone Mining
14:25 Fletching
15:54 Horse Collar
[JaMx] K@l-El
10:48 Feudal Age
14:55 Castle Age
14:00 Double-Bit Axe
14:21 Horse Collar
15:28 Forging
[JaMx] McLovin
9:02 Feudal Age
9:52 Double-Bit Axe
11:49 Loom
Ananda
6:28 Loom
9:11 Feudal Age
9:42 Man-at-Arms
14:31 Arson
16:08 Double-Bit Axe
16:19 Horse Collar
22:06 Castle Age
|FMG| Donde Estan Mis 5 Pizzas
10:25 Feudal Age
14:33 Castle Age
12:21 Double-Bit Axe
13:13 Horse Collar
15:37 Bow Saw
15:24 Gold Mining
18:54 Loom
Connection lost

Rejoining the realm…

Still unreachable

The connection could not be restored.

Session expired

The server has moved on; the page needs a fresh start.